 Dungeon Crawl Stone Soup version 0.30-b1-2-g02819fbbbe (webtiles) character file.

Game seed: 8270810367036838692

183847 MisterFreud the Drop of Water (level 18, -16/113 (128) HPs)
             Began as a Gnoll Wanderer on Dec 14, 2023.
             Was the Champion of Ru.
             Demolished by an alligator snapping turtle (34 damage)
             ... on level 4 of the Shoals.
             The game lasted 02:04:54 (36474 turns).

MisterFreud the Drop of Water (Gnoll Wanderer)     Turns: 36474, Time: 02:04:54

HP:   -16/113 (128) AC: 16    Str: 26    XL:     18   Next: 38%
MP:   6/35          EV: 20    Int: 19    God:    Ru [******]
Gold: 2316          SH:  0    Dex: 22    Spells: 31/43 levels left

rFire   + + .        t - +11 quick blade "Seadwete" {vamp, rPois Will+ Dex+4 SInv}
rCold   . . .        (shield unavailable)
rNeg    + . .        d - +4 scale mail of the Accordion {Str+5 Dex+5}
rPois   +            n - -2 hat of the Alchemist {rElec rPois rF+ rC+ rN+ Will+ rMut rCorr}
rElec   +            j - +0 cloak
rCorr   +            I - +0 pair of gloves
SInv    +            D - +0 pair of boots
Will    +++++        (no amulet)
Stlth   ++           (ring unavailable)
HPRegen 0.38/turn    V - ring of Womusediuff {rF+ rC- Will+++ Str+6 Dex+4}
MPRegen 0.24/turn

%: resist mutation
@: horrified, mesmerised, heavily drained, very slow
A: fangs 1, frail 1, missing a hand, hated by all, cowardly, strong nose,
distributed training
a: Renounce Religion, Draw Out Power, Power Leap, Apocalypse


You were on level 4 of the Shoals.
You worshipped Ru.
Ru was exalted by your worship.
You visited 5 branches of the dungeon, and saw 29 of its levels.
You visited 1 bazaar.
You also visited: Bailey, Gauntlet and Ice Cave.

You collected 3635 gold pieces.
You spent 1319 gold pieces at shops.

Inventory:

Hand Weapons
 t - the +11 quick blade "Seadwete" (weapon) {vamp, rPois Will+ Dex+4 SInv}
   (You acquired it on level 4 of the Dungeon)

   Dex:       It affects your dexterity (+4).
   rPois:     It protects you from poison.
   SInv:      It lets you see invisible.
   Will:      It increases your willpower.
Missiles
 v - 69 poisoned darts (quivered)
 w - 12 javelins
 B - 5 silver javelins
 Y - 4 throwing nets
Armour
 d - the +4 scale mail of the Accordion (worn) {Str+5 Dex+5}
   (You found it on level 13 of the Dungeon)

   Str:       It affects your strength (+5).
   Dex:       It affects your dexterity (+5).
 j - a +0 cloak (worn)
 n - the -2 hat of the Alchemist (worn) {rElec rPois rF+ rC+ rN+ Will+ rMut rCorr}
   (You acquired it on level 3 of the Shoals)

   rF:        It protects you from fire.
   rC:        It protects you from cold.
   rElec:     It insulates you from electricity.
   rPois:     It protects you from poison.
   rN:        It protects you from negative energy.
   rCorr:     It protects you from acid and corrosion.
   rMut:      It protects you from mutation.
   Will:      It increases your willpower.
 D - a +0 pair of boots (worn)
 I - a +0 pair of gloves (worn)
Jewellery
 p - a ring of ice
 E - a ring of wizardry
 L - a ring of protection from fire
 T - a ring of resist corrosion
 U - a ring of poison resistance
 V - the ring of Womusediuff (right hand) {rF+ rC- Will+++ Str+6 Dex+4}
   (You found it on level 4 of the Lair of Beasts)

   [ring of strength]

   Str:       It affects your strength (+6).
   Dex:       It affects your dexterity (+4).
   rF:        It protects you from fire.
   rC:        It makes you vulnerable to cold.
   Will:      It greatly increases your willpower.
 X - a ring of protection from cold
Wands
 i - a wand of roots (30)
 x - a wand of quicksilver (12)
 J - a wand of flame (26)
 N - a wand of mindburst (3)
 P - a wand of paralysis (21)
Scrolls
 c - 4 scrolls of fear
 e - 4 scrolls of magic mapping
 g - 2 scrolls of immolation
 l - 5 scrolls of teleportation
 m - 3 scrolls of amnesia
 z - 15 scrolls of identify
 F - 7 scrolls of fog
 K - 7 scrolls of enchant armour
 Q - 7 scrolls of enchant weapon
 R - 6 scrolls of poison
 S - 6 scrolls of blinking
 W - 3 scrolls of silence
Potions
 b - 2 potions of heal wounds
 f - 5 potions of magic
 h - 20 potions of curing
 k - a potion of invisibility
 o - 4 potions of might
 q - 6 potions of lignification
 r - 10 potions of haste
 s - 4 potions of mutation
 u - 4 potions of attraction
 y - a potion of berserk rage
 A - 7 potions of resistance
 C - 8 potions of brilliance
 H - 2 potions of flight
 O - 3 potions of cancellation
 Z - 3 potions of ambrosia
Miscellaneous
 a - a condenser vane
 M - a phantom mirror


   Skills:
 + Level 13.0 Fighting
 + Level 12.7 Short Blades
 + Level 12.7 Long Blades
 + Level 12.7 Axes
 + Level 12.7 Maces & Flails
 + Level 12.7 Polearms
 + Level 12.7 Staves
 + Level 12.7 Ranged Weapons
 + Level 12.7 Throwing
 + Level 12.7 Armour
 + Level 12.7 Dodging
 + Level 12.7 Stealth
   Level 0.0 Shields
 + Level 12.7 Unarmed Combat
 + Level 13.1 Spellcasting
 + Level 10.8 Conjurations
 + Level 10.8 Hexes
   Level 0.0 Summonings
 + Level 10.8 Necromancy
 + Level 10.8 Translocations
 + Level 10.8 Transmutations
 + Level 10.8 Fire Magic
 + Level 10.8 Ice Magic
 + Level 13.7 Air Magic
 + Level 12.1 Earth Magic
 + Level 10.8 Poison Magic
 + Level 13.8 Invocations
 + Level 12.7 Evocations


You had 31 spell levels left.
You knew the following spells:

 Your Spells              Type           Power      Damage    Failure   Level
a - Shock                 Conj/Air       100%       1d9       1%          1
b - Iron Shot             Conj/Erth      25%        9d5       14%         6
c - Borgnjor's Vile Clut  Necr/Erth      25%        N/A       2%          5

Your spell library contained the following spells:

 Spells                   Type           Power      Damage    Failure   Level
 Kiss of Death            Conj/Necr      100%       2d13      1%          1
 Magic Dart               Conj           100%       1d8       1%          1
 Sandblast                Erth           100%       2d20      1%          1
 Slow                     Hex            100%       N/A       1%          1
 Ensorcelled Hibernation  Hex/Ice        96%        N/A       1%          2
 Passwall                 Tmut/Erth      41%        N/A       1%          2
 Confusing Touch          Hex            48%        N/A       1%          3
 Hailstorm                Conj/Ice       48%        3d11      1%          3
 Inner Flame              Hex/Fire       48%        N/A       1%          3
 Mephitic Cloud           Conj/Pois/Air  51%        N/A       1%          3
 Stone Arrow              Conj/Erth      100%       3d13      1%          3
 Swiftness                Air            56%        N/A       1%          3
 Vampiric Draining        Necr           48%        2d9       1%          3
 Vhi's Electric Charge    Tloc/Air       100%       N/A       1%          3
 Volatile Blastmotes      Fire/Tloc      96%        2d18      1%          3
 Airstrike                Air            28%        2d(4-20)  1%          4
 Cause Fear               Hex            24%        N/A       1%          4
 Dispel Undead            Necr           48%        3d18      1%          4
 Fulminant Prism          Conj/Hex       24%        3d12      1%          4
 Ice Form                 Ice/Tmut       48%        N/A       1%          4
 Iskenderun's Mystic Bla  Conj/Tloc      48%        2d11      1%          4
 Petrify                  Tmut/Erth      50%        N/A       1%          4
 Lee's Rapid Deconstruct  Erth           26%        3d14*     1%          5
 Iskenderun's Battlesphe  Conj           48%        2d10      3%          5
 Metabolic Englaciation   Hex/Ice        24%        N/A       3%          5
 Yara's Violent Unravell  Hex/Tmut       24%        3d11      3%          5
 Conjure Ball Lightning   Conj/Air       26%        3x3d7     10%         6
 Statue Form              Tmut/Erth      33%        N/A       14%         6
 Dragon Form              Tmut           24%        N/A       69%         7
 Enfeeble                 Hex            24%        N/A       69%         7
 Discord                  Hex            24%        N/A       100%        8
 Disjunction              Tloc           24%        N/A       100%        8
 Animate Dead             Necr           Unusable   N/A       N/A         4
 Summon Guardian Golem    Hex/Summ       Unusable   N/A       N/A         3
 Summon Lightning Spire   Summ/Air       Unusable   N/A       N/A         4
 Summon Small Mammal      Summ           Unusable   N/A       N/A         1
 Call Imp                 Summ           Unusable   N/A       N/A         2
 Death Channel            Necr           Unusable   N/A       N/A         6
 Simulacrum               Ice/Necr       Unusable   N/A       N/A         6
 Call Canine Familiar     Summ           Unusable   N/A       N/A         3
 Spellforged Servitor     Conj/Summ      Unusable   N/A       N/A         7
 Dragon's Call            Summ           Unusable   N/A       N/A         9

Dungeon Overview and Level Annotations

Branches:
Dungeon (15/15)            Temple (0/1) D:4            Lair (5/5) D:11
 Shoals (4/4) Lair:3        Snake (3/4) Lair:3        Slime (0/5) Lair:5
    Orc (2/2) D:9             Elf (0/3) Orc:2        Vaults (0/5) D:14
 Depths (0/4) D:15         Bailey (visited)           IceCv (visited)
Gauntlet (visited)

Altars:
Ashenzari
Cheibriados
Dithmenos
Elyvilon
Gozag
Makhleb
Nemelex Xobeh
Okawaru
Ru
Sif Muna
Uskayaw
Wu Jian
Xom
The Shining One

Shops:
D:4 [   D:7 *[[:   D:12 ?   D:15 [((   Orc:2 :[=*(   Shoals:1 (   Shoals:3 ?
Snake:2 (

Portals:
Abyss: D:11
Trove: D:14 (give 7 scrolls of fog)

Annotations:
D:3 3 runed translucent doors, Vic's ghost, amateur HuCA
D:11 2 transporters, Feuguu's ghost, journeyman GrFi


Innate Abilities, Weirdness & Mutations

You have very sharp teeth.
You are frail. (-10% HP)
You are missing a hand.
You are hated by all.
Your cowardice makes you less effective in combat with threatening foes.
Your uncanny sense of smell can sniff out nearby items.
Your experience applies equally to all skills.


Message History

The alligator snapping turtle is heavily wounded.
The alligator snapping turtle bites you!!
Your unstable footing causes you to fumble your attack.
You redirect the merfolk avatar's attack!
You hit the alligator snapping turtle.
You feel better.
The alligator snapping turtle is severely wounded.
You hit the alligator snapping turtle but do no damage.
The alligator snapping turtle is severely wounded.
You hit the alligator snapping turtle but do no damage.
The alligator snapping turtle is severely wounded.
The alligator snapping turtle bites you.
You hit the alligator snapping turtle but do no damage.
The alligator snapping turtle is severely wounded.
You hit the alligator snapping turtle.
You feel better.
The alligator snapping turtle is severely wounded.
You hit the alligator snapping turtle but do no damage.
You bite the alligator snapping turtle, but do no damage.
The alligator snapping turtle is severely wounded.
The merfolk avatar chants its luring song.
You hit the alligator snapping turtle but do no damage.
The alligator snapping turtle is severely wounded.
You barely miss the alligator snapping turtle.
The alligator snapping turtle is severely wounded.
The alligator snapping turtle bites you!!
* * * LOW HITPOINT WARNING * * *
You hit the alligator snapping turtle.
You feel better.
The alligator snapping turtle is severely wounded.
The merfolk avatar chants its luring song.
You hit the alligator snapping turtle.
You feel better.
The alligator snapping turtle is severely wounded.
You hit the alligator snapping turtle but do no damage.
The alligator snapping turtle is severely wounded.
You hit the alligator snapping turtle but do no damage.
You bite the alligator snapping turtle, but do no damage.
The alligator snapping turtle is severely wounded.
You puncture the alligator snapping turtle!
You feel better.
The alligator snapping turtle is severely wounded.
The alligator snapping turtle bites you!!
You die...

..§..).~..
..m....~~.....~~~≈≈~~~~≈≈
........~##.~~~~~≈≈~~~≈≈≈
....E.......~~~~~≈≈≈≈≈≈≈≈
....=.......~~~~≈≈≈≈≈≈≈≈≈
.~...~~~m≈≈≈≈≈≈≈≈≈
.~~~~~~≈≈≈≈≈≈≈≈≈≈≈≈
..~~~~≈≈≈≈≈≈≈≈≈≈≈≈≈≈≈
..~~~~≈≈t@~≈≈≈≈≈≈≈≈≈≈
~~~~)~≈~~~)~~≈≈≈≈≈≈≈≈
.~~)~)~))~~~~~~~≈≈≈≈≈
~..~~~≈≈≈~....~~~≈≈≈≈
~~~~~~~~).......~~≈≈≈
~..~~......)....~~~≈≈
....^.....<...†..~~≈≈
#...~..~..........~~≈
...~≈≈≈≈~......$..~~≈


You could see an alligator snapping turtle and a merfolk avatar (mesmerising).

Vanquished Creatures
  Mara (Shoals:4)
  4 krakens (Shoals:3)
  Kirke (D:12)
  Donald (Shoals:4)
  A nagaraja (Snake:3)
  Aizul (Shoals:2)
  An orc warlord (Orc:2)
  A minotaur (Gauntlet)
  3 merfolk impalers
  A merfolk javelineer (Shoals:4)
  2 salamander tyrants
  Fannar (Lair:3)
  A rakshasa (D:15)
  An ogre mage (D:14)
  A catoblepas (Shoals:1)
  3 merfolk avatars
  6 hydras
  5 anacondas
  3 centaur warriors
  A merfolk aquamancer (Shoals:4)
  6 two-headed ogres
  2 satyrs
  A boulder beetle (D:14)
  A death yak (Lair:5)
  10 naga warriors
  A hell hog (Gauntlet)
  2 tengu warriors (D:15)
  7 naga sharpshooters
  A vampire mage (D:15)
  4 orc high priests (Orc:2)
  7 shock serpents
  Nergalle (Lair:2)
  3 skysharks
  A salamander mystic (Snake:3)
  13 sea snakes
  2 skeletal warriors
  A spark wasp zombie (D:15)
  A golden dragon zombie (D:15)
  A fire crab (shapeshifter) (D:13)
  A lindwurm (Lair:4)
  Pikel (D:5)
  6 naga ritualists
  2 deep elf pyromancers
  3 orc knights
  7 mana vipers
  A necromancer (D:15)
  A golden dragon skeleton (D:15)
  4 orc sorcerers (Orc:2)
  12 harpies
  2 cyclopes
  12 manticores
  32 elephants
  12 ugly things
  10 fauns
  15 salamanders
  A fire giant skeleton (D:15)
  4 merfolk sirens
  35 black mambas
  Maurice (D:12)
  2 guardian serpents
  12 naga magi
  3 torpor snails
  2 kobold demonologists (D:14)
  A minotaur zombie (Gauntlet)
  5 water nymphs
  13 cane toads
  4 rime drakes
  2 centaur skeletons (D:14)
  6 komodo dragons
  A freezing wraith (D:14)
  2 unseen horrors
  An efreet (D:14)
  A tengu conjurer (D:15)
  6 yaktaurs
  8 trolls
  15 merfolk
  8 hornets
  2 wind drakes (Shoals:2)
  3 polar bears (Lair:5)
  14 blink frogs
  17 slime creatures
  6 snapping turtles
  16 dream sheep
  6 flying skulls (Gauntlet)
  15 spriggans (Lair:5)
  Sigmund (D:2)
  3 wraiths
  A human (D:12)
  3 fire bats (Gauntlet)
  2 water elementals (Shoals:4)
  8 basilisks
  6 wyverns
  64 yaks
  2 steam dragons
  4 hogs (D:12)
  10 vampire mosquitoes
  18 nagas
  2 acid dragons
  2 wargs
  12 water moccasins
  Duvessa (D:5)
  3 hell hounds (Gauntlet)
  An ice beast (D:7)
  7 black bears
  28 orc warriors
  3 boggarts (Lair:5)
  4 sky beasts
  32 wolves
  7 ogres
  9 centaurs
  10 bullfrogs
  8 kobold brigands
  A gnoll sergeant (D:7)
  5 scorpions
  9 wights
  Dowan (D:5)
  13 killer bees (D:9)
  8 howler monkeys
  An electric eel (Lair:2)
  4 hounds
  6 jellies
  12 orc priests
  An iron imp (D:10)
  2 iguanas
  A sleepcap (D:6)
  Ijyb (D:5)
  Natasha (twice) (D:2)
  18 orc wizards
  2 boggart skeletons (D:14)
  Terence (D:2)
  2 polar bear simulacra (Lair:5)
  10 adders
  7 gnolls (D:7)
  A shadow imp (D:5)
  2 white imps (D:6)
  3 ufetubi
  A worm (D:2)
  6 dart slugs
  103 orcs
  4 bats
  5 endoplasms
  4 giant cockroaches
  13 goblins
  10 hobgoblins
  4 jackals (D:1)
  24 kobolds
  2 quokkas (D:4)
  3 ball pythons
  3 frilled lizards (D:3)
  3 rats
  A fungus (Orc:2)
  14 tentacles (Shoals:3)
1001 creatures vanquished.

Vanquished Creatures (others)
  A merfolk impaler (Shoals:4)
  A catoblepas (Lair:5)
  A hydra (Lair:5)
  A merfolk aquamancer (Shoals:4)
  A skeletal warrior (D:15)
  A harpy (Shoals:4)
  A hornet (Lair:5)
  A merfolk (Shoals:1)
  An orc warrior (Orc:2)
  A howler monkey (D:12)
  An orc wizard (D:4)
  An orc (Orc:2)
  A hobgoblin (D:7)
  A quokka (D:3)
  A kobold (D:11)
  46 fungi
  66 plants
  15 tentacles (Shoals:3)
  6 withered plants
148 creatures vanquished.

Grand Total: 1149 creatures vanquished

Notes
Turn   | Place    | Note
-------+----------+-------------------------------------------
     0 | D:1      | MisterFreud the Gnoll Wanderer began the quest for the Orb.
     0 | D:1      | MisterFreud set off with the following items: a +0 club, a
                  | potion of heal wounds, a +0 leather armour, a scroll of
                  | vulnerability; and the following spells available to
                  | memorise: Sandblast, Shock, Vhi's Electric Charge, Stone
                  | Arrow, Summon Lightning Spire.
     0 | D:1      | Reached XP level 1. HP: 17/17 MP: 4/4
     2 | D:1      | Learned a level 1 spell: Shock
   237 | D:1      | Reached XP level 2. HP: 23/23 MP: 2/5
   564 | D:1      | Reached XP level 3. HP: 28/28 MP: 0/7
   752 | D:1      | Reached skill level 1 in Invocations
  1151 | D:2      | Noticed Terence
  1155 | D:2      | Killed Terence
  1156 | D:2      | Reached skill level 1 in Short Blades
  1156 | D:2      | Reached skill level 1 in Long Blades
  1156 | D:2      | Reached skill level 1 in Axes
  1156 | D:2      | Reached skill level 1 in Maces & Flails
  1156 | D:2      | Reached skill level 1 in Polearms
  1156 | D:2      | Reached skill level 1 in Staves
  1156 | D:2      | Reached skill level 1 in Ranged Weapons
  1156 | D:2      | Reached skill level 1 in Throwing
  1156 | D:2      | Reached skill level 1 in Armour
  1156 | D:2      | Reached skill level 1 in Dodging
  1156 | D:2      | Reached skill level 1 in Stealth
  1156 | D:2      | Reached skill level 1 in Shields
  1156 | D:2      | Reached skill level 1 in Unarmed Combat
  1156 | D:2      | Reached skill level 1 in Evocations
  1156 | D:2      | Reached XP level 4. HP: 12/34 MP: 3/8
  1421 | D:2      | Noticed Natasha
  1427 | D:2      | Killed Natasha
  1428 | D:2      | Reached skill level 1 in Conjurations
  1428 | D:2      | Reached skill level 1 in Hexes
  1428 | D:2      | Reached skill level 1 in Summonings
  1428 | D:2      | Reached skill level 1 in Necromancy
  1428 | D:2      | Reached skill level 1 in Translocations
  1428 | D:2      | Reached skill level 1 in Transmutations
  1428 | D:2      | Reached skill level 1 in Fire Magic
  1428 | D:2      | Reached skill level 1 in Ice Magic
  1428 | D:2      | Reached skill level 1 in Poison Magic
  1551 | D:2      | Found a burning altar of Makhleb.
  1834 | D:2      | Reached XP level 5. HP: 40/40 MP: 4/9
  1886 | D:2      | Noticed Sigmund
  1907 | D:2      | Killed Sigmund
  1908 | D:2      | Reached XP level 6. HP: 19/47 MP: 5/11
  2268 | D:2      | Noticed Natasha
  2272 | D:2      | Killed Natasha
  2637 | D:3      | Found a sacrificial altar of Ru.
  2647 | D:3      | Became a worshipper of Ru the Awakened
  2818 | D:3      | Found a runed translucent gate.
  2838 | D:3      | Found a runed translucent gate.
  2838 | D:3      | Found a runed translucent gate.
  2839 | D:3      | Noticed Vic's ghost (amateur HuCA)
  2883 | D:3      | Found an ornate altar of the Wu Jian Council.
  2884 | D:3      | Found an opulent altar of Gozag.
  2886 | D:3      | Found a burning altar of Makhleb.
  2888 | D:3      | Found a sparkling altar of Nemelex Xobeh.
  2888 | D:3      | Found a hide-covered altar of Uskayaw.
  3141 | D:3      | Identified the +0 spear of Valour {heavy, Int+4}
  3447 | D:3      | Found a shimmering altar of Xom.
  3456 | D:3      | Reached XP level 7. HP: 52/52 MP: 1/12
  4096 | D:4      | Found Desiroa's Antique Armour Shoppe.
  4188 | D:4      | Found a shadowy altar of Dithmenos.
  4303 | D:4      | Gained mutation: You are missing a hand. [Ru sacrifice]
  4303 | D:4      | Reached * piety under Ru
  4303 | D:4      | Reached ** piety under Ru
  4303 | D:4      | Reached *** piety under Ru
  4916 | D:4      | Found a glowing golden altar of the Shining One.
  5002 | D:4      | Found a staircase to the Ecumenical Temple.
  5253 | D:4      | Identified a scroll of acquirement
  5253 | D:4      | Acquired the +11 quick blade "Seadwete" {vamp, rPois Will+
                  | Dex+4 SInv}
  5322 | D:5      | Entered Level 5 of the Dungeon
  5354 | D:5      | Noticed Duvessa
  5354 | D:5      | Noticed Dowan
  5367 | D:5      | Killed Dowan
  5377 | D:5      | Killed Duvessa
  5378 | D:5      | Reached XP level 8. HP: 11/60 MP: 12/14
  5809 | D:5      | Found a shimmering blue altar of Sif Muna.
  5973 | D:5      | Noticed Ijyb
  5983 | D:5      | Killed Ijyb
  6206 | D:5      | Noticed Pikel
  6219 | D:5      | Killed Pikel
  6409 | D:6      | Reached XP level 9. HP: 67/67 MP: 12/16
  6415 | D:6      | Reached skill level 5 in Spellcasting
  6931 | D:6      | Reached skill level 5 in Fighting
  7470 | D:7      | Gained mutation: You are hated by all. [Ru sacrifice]
  7470 | D:7      | Reached **** piety under Ru
  7500 | D:7      | Reached skill level 5 in Invocations
  7523 | D:7      | Found Nekuxach's Book Shop.
  8003 | D:7      | Found a flagged portal.
  8016 | Bailey   | Entered a bailey
  8136 | Bailey   | Found a large runed translucent door.
  8136 | Bailey   | Found a large runed translucent door.
  8136 | Bailey   | Noticed an orc knight
  8137 | Bailey   | Noticed a deep elf zephyrmancer
  8411 | D:7      | Found Oppibuaf's Antique Armour Shoppe.
  8424 | D:7      | Bought a shiny helmet for 172 gold pieces
  8442 | D:7      | Found Fute Qido's Antique Armour Shop.
  8455 | D:7      | Found Iladdow's General Store.
  8541 | D:7      | Reached skill level 5 in Short Blades
  8541 | D:7      | Reached skill level 5 in Long Blades
  8541 | D:7      | Reached skill level 5 in Axes
  8541 | D:7      | Reached skill level 5 in Maces & Flails
  8541 | D:7      | Reached skill level 5 in Polearms
  8541 | D:7      | Reached skill level 5 in Staves
  8541 | D:7      | Reached skill level 5 in Ranged Weapons
  8541 | D:7      | Reached skill level 5 in Throwing
  8541 | D:7      | Reached skill level 5 in Armour
  8541 | D:7      | Reached skill level 5 in Dodging
  8541 | D:7      | Reached skill level 5 in Stealth
  8541 | D:7      | Reached skill level 5 in Unarmed Combat
  8541 | D:7      | Reached skill level 5 in Evocations
  8622 | D:7      | You fall into a shaft and drop 2 floors!
  8629 | D:9      | Found a white marble altar of Elyvilon.
  8680 | D:9      | Noticed a troll
  8693 | D:9      | Killed a troll
  8694 | D:9      | Reached XP level 10. HP: 67/76 MP: 18/18
  9274 | D:8      | Gained mutation: You are frail. (-10% HP) [Ru sacrifice]
  9274 | D:8      | Reached ***** piety under Ru
 10086 | D:9      | Reached skill level 10 in Air Magic
 10454 | D:9      | Reached skill level 5 in Conjurations
 10454 | D:9      | Reached skill level 5 in Hexes
 10454 | D:9      | Reached skill level 5 in Necromancy
 10454 | D:9      | Reached skill level 5 in Translocations
 10454 | D:9      | Reached skill level 5 in Transmutations
 10454 | D:9      | Reached skill level 5 in Fire Magic
 10454 | D:9      | Reached skill level 5 in Ice Magic
 10454 | D:9      | Reached skill level 5 in Poison Magic
 10461 | D:9      | Reached XP level 11. HP: 74/74 MP: 21/21
 10912 | D:9      | Found a staircase to the Orcish Mines.
 11055 | D:10     | Entered Level 10 of the Dungeon
 11093 | D:10     | Gained mutation: Your cowardice makes you less effective in
                  | combat with threatening foes. [Ru sacrifice]
 11093 | D:10     | Reached ****** piety under Ru
 11144 | D:10     | Noticed a two-headed ogre
 11158 | D:10     | Killed a two-headed ogre
 11351 | D:10     | Found a snail-covered altar of Cheibriados.
 11499 | D:10     | Found an iron altar of Okawaru.
 12177 | D:11     | Noticed a thrashing horror
 12238 | D:11     | Found a transporter.
 12241 | D:11     | Found a one-way gate to the infinite horrors of the Abyss.
 12241 | D:11     | Noticed Feuguu's ghost (journeyman GrFi)
 12242 | D:11     | Found a transporter.
 12248 | D:11     | Noticed a cyan ugly thing
 12265 | D:11     | Noticed a two-headed ogre
 12570 | D:11     | Killed a two-headed ogre
 12599 | D:11     | Noticed a rakshasa
 12808 | D:11     | Found a staircase to the Lair.
 12811 | D:11     | Noticed a two-headed ogre
 12826 | D:11     | Killed a two-headed ogre
 13056 | D:12     | Noticed Kirke
 13085 | D:12     | Noticed a manticore
 13099 | D:12     | Reached XP level 12. HP: 70/82 MP: 14/23
 13106 | D:12     | Killed Kirke
 13111 | D:12     | Noticed Maurice
 13194 | D:12     | Killed Maurice
 13385 | D:12     | Found Ufyufuga's Magic Scroll Shoppe.
 13395 | D:12     | Bought a scroll of blinking for 112 gold pieces
 13395 | D:12     | Bought a scroll of blinking for 112 gold pieces
 13725 | Lair:1   | Entered Level 1 of the Lair of Beasts
 14955 | Lair:2   | Noticed Nergalle
 14978 | Lair:2   | Killed Nergalle
 15127 | Lair:2   | Reached XP level 13. HP: 89/89 MP: 25/25
 16046 | Lair:3   | Found a staircase to the Snake Pit.
 16046 | Lair:3   | Noticed Fannar
 16579 | Lair:3   | Killed Fannar
 17637 | Lair:4   | Reached XP level 14. HP: 63/97 MP: 27/27
 17749 | Lair:4   | Identified the ring of Womusediuff {rF+ rC- Will+++ Str+6
                  | Dex+4}
 17813 | Lair:4   | Reached skill level 10 in Invocations
 18204 | Lair:4   | Identified the +6 flail of the Hummingbird {flame, rCorr
                  | Str+3 Int+2 Dex-2}
 18470 | Lair:5   | Entered Level 5 of the Lair of Beasts
 18620 | Lair:5   | Found a frozen archway.
 18691 | IceCv    | Entered an ice cave
 18977 | Lair:5   | Reached skill level 10 in Spellcasting
 19180 | Lair:5   | Reached skill level 10 in Fighting
 19329 | Lair:5   | Found a staircase to the Slime Pits.
 19674 | Lair:5   | Reached skill level 10 in Earth Magic
 19795 | Lair:5   | Reached skill level 10 in Short Blades
 19795 | Lair:5   | Reached skill level 10 in Long Blades
 19795 | Lair:5   | Reached skill level 10 in Axes
 19795 | Lair:5   | Reached skill level 10 in Maces & Flails
 19795 | Lair:5   | Reached skill level 10 in Polearms
 19795 | Lair:5   | Reached skill level 10 in Staves
 19795 | Lair:5   | Reached skill level 10 in Ranged Weapons
 19795 | Lair:5   | Reached skill level 10 in Throwing
 19795 | Lair:5   | Reached skill level 10 in Armour
 19795 | Lair:5   | Reached skill level 10 in Dodging
 19795 | Lair:5   | Reached skill level 10 in Stealth
 19795 | Lair:5   | Reached skill level 10 in Unarmed Combat
 19795 | Lair:5   | Reached skill level 10 in Evocations
 20131 | Lair:5   | Reached XP level 15. HP: 99/99 MP: 29/29
 20324 | Lair:5   | Identified the +6 shortbow of the Final Spirits {freeze,
                  | rF- rN+ rCorr SInv}
 20328 | Lair:5   | Identified the +7 chain mail of Hide-and-Seek {-Tele rN+++
                  | Str+3 SInv}
 21128 | D:13     | Identified the +4 scale mail of the Accordion {Str+5 Dex+5}
 21144 | D:13     | Found a broken altar of Ashenzari.
 21371 | D:13     | Found a gate leading to a gauntlet.
 21435 | Gauntlet | Entered a Gauntlet
 21435 | Gauntlet | Found a transporter.
 21435 | Gauntlet | Found a transporter.
 21441 | Gauntlet | Found a transporter.
 21444 | Gauntlet | Found a transporter.
 21444 | Gauntlet | Found a transporter.
 21465 | Gauntlet | Found a runed translucent door.
 21501 | Gauntlet | Found a transporter.
 21505 | Gauntlet | Identified the +0 cloak of Zirphoduw {*Slow rF+ Str+6
                  | Stlth+}
 21511 | Gauntlet | Found a transporter.
 21572 | Gauntlet | Found a transporter.
 21580 | Gauntlet | Found a transporter.
 21590 | Gauntlet | Found a runed translucent door.
 21611 | Gauntlet | Found a transporter.
 21629 | Gauntlet | Found a transporter.
 21633 | Gauntlet | Found a transporter.
 21765 | Gauntlet | Found a transporter.
 21866 | Gauntlet | Identified the ring "Ruulex" {+Blink rN+ Will+ EV+5 Str-2}
 22720 | D:14     | Found a portal to a secret trove of treasure.
 23698 | D:14     | Found a gate to the Vaults.
 23906 | D:15     | Entered Level 15 of the Dungeon
 23940 | D:15     | Found Ucloisch's Antique Armour Shoppe.
 24094 | D:15     | Found a staircase to the Depths.
 24642 | D:15     | Found Cexkiod's Antique Weapon Shop.
 24693 | D:15     | Found Apnupp's Weapon Shoppe.
 24709 | D:15     | Found a flickering gateway to a bazaar.
 24736 | Bazaar   | Entered a bazaar
 24736 | Bazaar   | Found Mijy's Weapon Shoppe.
 24736 | Bazaar   | Found Lotrigau's Distillery.
 24738 | Bazaar   | Found Firhall's Armour Shoppe.
 24754 | Bazaar   | Found Quliraon's Antique Armour Emporium.
 24758 | Bazaar   | Bought a potion of mutation for 80 gold pieces
 24758 | Bazaar   | Bought a potion of might for 40 gold pieces
 24758 | Bazaar   | Bought a potion of haste for 100 gold pieces
 24814 | D:15     | Reached XP level 16. HP: 92/112 MP: 31/31
 25427 | Orc:1    | Entered Level 1 of the Orcish Mines
 25647 | Orc:2    | Entered Level 2 of the Orcish Mines
 25712 | Orc:2    | Found a staircase to the Elven Halls.
 25773 | Orc:2    | Found Osyops's Antique Weapon Boutique.
 25801 | Orc:2    | Found Imut's General Store.
 25942 | Orc:2    | Bought a translucent demon trident for 480 gold pieces
 25942 | Orc:2    | Identified the +1 demon trident of Foh Fit {venom, rPois
                  | Str-5 Dex+3 Stlth+} (You bought it in a shop on level 2 of
                  | the Orcish Mines)
 25955 | Orc:2    | Bought a scroll of blinking for 97 gold pieces
 25964 | Orc:2    | Found Raisufuamm's Book Emporium.
 25977 | Orc:2    | Found Fineott's Jewellery Shoppe.
 26211 | Orc:2    | Found Esaun's Antique Armour Emporium.
 26865 | Shoals:1 | Entered Level 1 of the Shoals
 27059 | Shoals:1 | Found Tarhib's Weapon Emporium.
 28270 | Shoals:2 | Noticed Aizul
 28295 | Shoals:2 | Killed Aizul
 29271 | Shoals:3 | Noticed a kraken
 29292 | Shoals:3 | Killed a kraken
 29296 | Shoals:3 | Noticed a kraken
 29541 | Shoals:3 | Found Iczelopp's Magic Scroll Emporium.
 29565 | Shoals:3 | Bought a scroll of fear for 72 gold pieces
 29565 | Shoals:3 | Bought a scroll of teleportation for 54 gold pieces
 29836 | Shoals:3 | Noticed a kraken
 29847 | Shoals:3 | Learned a level 6 spell: Iron Shot
 29853 | Shoals:3 | Killed a kraken
 29965 | Shoals:3 | Acquired 1011 gold pieces
 29967 | Shoals:3 | Acquired a book of Chaos
 29969 | Shoals:3 | Acquired the -2 hat of the Alchemist {rElec rPois rF+ rC+
                  | rN+ Will+ rMut rCorr}
 29969 | Shoals:3 | Found the -2 hat of the Alchemist {rElec rPois rF+ rC+ rN+
                  | Will+ rMut rCorr}
 29990 | Shoals:3 | Noticed a kraken
 30015 | Shoals:3 | HP: 3/95 [tentacle[a kraken] (11)]
 30206 | Shoals:2 | Learned a level 5 spell: Borgnjor's Vile Clutch
 30238 | Shoals:3 | Killed a kraken
 30239 | Shoals:3 | Reached XP level 17. HP: 45/90 MP: 14/33
 30555 | Shoals:3 | Found the +8 lance "Wyrmbane" {slay drac, rPois rF+ rC+
                  | AC+3}
 30599 | Shoals:3 | Killed a kraken
 30929 | Snake:1  | Entered Level 1 of the Snake Pit
 30978 | Snake:1  | Reached skill level 10 in Conjurations
 30978 | Snake:1  | Reached skill level 10 in Hexes
 30978 | Snake:1  | Reached skill level 10 in Necromancy
 30978 | Snake:1  | Reached skill level 10 in Translocations
 30978 | Snake:1  | Reached skill level 10 in Transmutations
 30978 | Snake:1  | Reached skill level 10 in Fire Magic
 30978 | Snake:1  | Reached skill level 10 in Ice Magic
 30978 | Snake:1  | Reached skill level 10 in Poison Magic
 33724 | Snake:2  | Found Nieromenuy's Weapon Boutique.
 34932 | Snake:3  | Reached XP level 18. HP: 59/115 MP: 20/34
 35383 | Shoals:4 | Entered Level 4 of the Shoals
 35383 | Shoals:4 | Noticed Donald
 35383 | Shoals:4 | Noticed Mara
 35389 | Shoals:4 | Killed Mara
 35391 | Shoals:4 | Killed Donald
 36474 | Shoals:4 | Demolished by an alligator snapping turtle

Illustrated notes

Levels and vault maps discovered:
D:1:      minmay_arrival_four_circles, layout_loops_ring, chequers_mini_garden
D:2:      layout_loops_corners, basic_altar, corexii_leaking_fountain,
          uniq_sigmund, uniq_natasha, uniq_terence
D:3:      layout_basic, nicolae_ru_sacrificial_ziggurat, xom_confusion_cloud,
          grunt_temple_overflow_open, ebering_ghost_rock_garden
D:4:      layout_layer_cave, mainiacjoe_overflow_boulevard,
          grunt_dithmenos_smoke_and_mirrors, temple_doors_e, serial_shops,
          nicolae_inconvenience_store, minmay_a_box_with_orc_wizards_in_it
D:5:      layout_basic, lemuel_blue_sif_altar, uniq_pikel, uniq_duvessa,
          uniq_ijyb
D:6:      layout_loops_ring, serial_rivers, chequers_serial_rivers_marsh,
          chequers_serial_rivers_marsh, chequers_serial_rivers_room_b,
          chequers_serial_rivers_room_a, chequers_serial_rivers_small_b,
          roderic_three_in_a_row, hangedman_abyss_or_decor_slice,
          minmay_fountain_box, hex_medium, wad_rectangle_vault
D:7:      layout_basic, enter_bailey_4, serial_shops, shop,
          nicolae_shop_tiny_statue_garden, shop, nicolae_shop_window_shopping
D:8:      layout_rooms, kennysheep_decorative_pillar
D:9:      layout_loops_corners, kennysheep_mini, orc_0_dummy,
          david_defended_altar_orc
D:10:     layout_roguey, slow_altar_1, okawaru_metal_pillars_3, special_room
          [special_room_orc], nicolae_wwwww
D:11:     layout_loops_ring, lair_entry_dummy, gammafunk_ghost_abyssal_escape
D:12:     layout_cave_pools, serial_shops, nicolae_shop_window_shopping,
          kennysheep_another_room, uniq_kirke, uniq_maurice
D:13:     layout_cave_pools, gauntlet_entry_generic,
          nicolae_ashenzari_panopticon
D:14:     layout_roguey, hangedman_vaults_entry_quadrant_bands, enter_trove_1,
          nicolae_kite_square_tiling_tiny
D:15:     gammafunk_depths_entry_grave, layout_loops_ring, serial_shops,
          bzr_entry_water, nicolae_diamond_shop, nicolae_shop_window_shopping,
          nicolae_diamond_shop
Lair:1:   layout_small_grid, chequers_serial_rivers_small_a
Lair:2:   layout_long_grid, lemuel_fruit_tree, serial_bayou_shore_a,
          uniq_nergalle
Lair:3:   layout_chaotic_city, nicolae_shoals_entry_flooding,
          guppyfry_snake_entry_island, st_stairs_13, grunt_forest_stairs_basic,
          grunt_megastairs_2, uniq_fannar
Lair:4:   layout_loops_ring, kennysheep_basilisk_garden
Lair:5:   minmay_lair_end_enchanted_forest, layout_concentric_octagons,
          nicolae_slime_entry_field_trip, portal_ice_cave_entry_ice_simulacra
Shoals:1: layout_shoals, serial_shops, nicolae_shop_bloodbath_and_beyond,
          argonaut_gorgonesque
Shoals:2: layout_shoals, uniq_aizul
Shoals:3: layout_shoals, serial_shops, shop, nicolae_shoals_kraken_party
Shoals:4: shoals_end_simple, layout_shoals, gammafunk_ghost_split,
          uniq_polyphemus, uniq_donald, uniq_mara
Snake:1:  layout_onion_interference, st_stairs_6, grunt_megastairs_5
Snake:2:  layout_honeycomb, serial_shops, shop, serial_bayou_shore_b,
          grunt_megastairs_4
Snake:3:  nicolae_snake_crotalidae_crossing, layout_gridlike, minmay_shop_grove,
          uniq_roxanne
Orc:1:    layout_diamond_mine
Orc:2:    grunt_orc_gardens, layout_caves, grunt_orc_garden, grunt_orc_garden,
          grunt_orc_garden, grunt_orc_garden, serial_shops, shop

Skill      XL: |  1  2  3  4  5  6  7  8  9 10 11 12 13 14 15 16 17 18 |
---------------+-------------------------------------------------------+-----
Invocations    | 1 2 3 4 5 6 7 8 9 10 11 12 13 | 13.8
Short Blades   | 1 2 3 4 5 6 7 8 9 10 11 12 | 12.7
Long Blades    | 1 2 3 4 5 6 7 8 9 10 11 12 | 12.7
Axes           | 1 2 3 4 5 6 7 8 9 10 11 12 | 12.7
Maces & Flails | 1 2 3 4 5 6 7 8 9 10 11 12 | 12.7
Polearms       | 1 2 3 4 5 6 7 8 9 10 11 12 | 12.7
Staves         | 1 2 3 4 5 6 7 8 9 10 11 12 | 12.7
Ranged Weapons | 1 2 3 4 5 6 7 8 9 10 11 12 | 12.7
Throwing       | 1 2 3 4 5 6 7 8 9 10 11 12 | 12.7
Armour         | 1 2 3 4 5 6 7 8 9 10 11 12 | 12.7
Dodging        | 1 2 3 4 5 6 7 8 9 10 11 12 | 12.7
Stealth        | 1 2 3 4 5 6 7 8 9 10 11 12 | 12.7
Shields        | 1 2 0 |  0.0
Unarmed Combat | 1 2 3 4 5 6 7 8 9 10 11 12 | 12.7
Evocations     | 1 2 3 4 5 6 7 8 9 10 11 12 | 12.7
Spellcasting   | 3 4 5 6 7 8 9 10 11 12 13 | 13.1
Conjurations   | 1 2 3 4 5 6 7 8 9 10 | 10.8
Hexes          | 1 2 3 4 5 6 7 8 9 10 | 10.8
Summonings     | 1 2 3 0 |  0.0
Necromancy     | 1 2 3 4 5 6 7 8 9 10 | 10.8
Translocations | 1 2 3 4 5 6 7 8 9 10 | 10.8
Transmutations | 1 2 3 4 5 6 7 8 9 10 | 10.8
Fire Magic     | 1 2 3 4 5 6 7 8 9 10 | 10.8
Ice Magic      | 1 2 3 4 5 6 7 8 9 10 | 10.8
Poison Magic   | 1 2 3 4 5 6 7 8 9 10 | 10.8
Fighting       | 3 4 5 6 7 8 9 10 11 12 13 | 13.0
Air Magic      | 9 10 11 12 13 | 13.7
Earth Magic    | 6 7 8 9 10 11 12 | 12.1

Action                     |  1- 3 |  4- 6 |  7- 9 | 10-12 | 13-15 | 16-18 || total
---------------------------+-------+-------+-------+-------+-------+-------++-------
  Melee: Club              |    24 |       |       |       |       |       ||    24
         Dagger            |     6 |    51 |    54 |       |       |       ||   111
         Bite              |     2 |     4 |    32 |   138 |   551 |   353 ||  1080
         Punch             |     2 |     2 |       |       |       |       ||     4
         Quick blade       |       |       |   282 |  1040 |  2783 |  2170 ||  6275
   Cast: Shock             |    49 |    98 |    79 |    19 |     5 |     5 ||   255
         Iron Shot         |       |       |       |       |       |    11 ||    11
         Borgnjor's Vile C |       |       |       |       |       |     2 ||     2
 Invoke: Sacrifice a Hand  |       |       |     1 |       |       |       ||     1
         Sacrifice Love    |       |       |     1 |       |       |       ||     1
         Sacrifice Health  |       |       |       |     1 |       |       ||     1
         Apocalypse        |       |       |       |     2 |     6 |    18 ||    26
         Sacrifice Courage |       |       |       |     1 |       |       ||     1
         Power Leap        |       |       |       |     1 |       |       ||     1
  Evoke: Wand              |       |       |       |     5 |       |    10 ||    15
         Condenser vane    |       |       |       |       |       |     2 ||     2
    Use: Scroll            |     6 |     2 |    11 |     9 |     5 |     6 ||    39
         Potion            |       |       |     1 |     2 |     1 |     6 ||    10
   Stab: Sleeping          |       |       |     3 |    15 |    11 |    17 ||    46
         Invisible         |       |       |     6 |     7 |    21 |    17 ||    51
         Distracted        |       |       |     1 |     3 |     7 |    11 ||    22
         Paralysed         |       |       |       |     4 |    20 |    13 ||    37
         Petrified         |       |       |       |       |     1 |       ||     1
 Armour: Leather armour    |    14 |     2 |       |       |       |       ||    16
         Robe              |       |     8 |    46 |   152 |   295 |       ||   501
         Scale mail        |       |       |       |       |   115 |   264 ||   379
         Skin              |       |       |       |       |     5 |       ||     5
  Dodge: Dodged            |    28 |    31 |   132 |   315 |   849 |   763 ||  2118
